AoeStats
← Fries

Arena

509377568Analyzed
4v4 RM · 6d ago on Sep 26, 2026· 43m 40s· 8 players
Game mode
Random Map
Map size
Large (8 player)
Population
200
Speed
Normal
Resources
Standard
Victory
Conquest
Starting age
Dark Age
Ending age
Imperial Age
RankedLock teamsTeams togetherTeam positionsShared explorationLock speedFull tech treeHidden civsTurbo modeCheats
Victory
Defeat
1607
+15
1599
+15
1596
+16
1593
+16
🇹🇼 Danes · Taiwan
1628
-17
🇨🇳 Georgians · China
1621
-17
🇹🇼 Celts · Taiwan
1552
-14
🇰🇷 Berbers · South Korea
1550
-14
[韓粉戰隊] 南飄賣菜郎
10:21 Feudal Age
14:12 Castle Age
12:17 Double-Bit Axe
12:43 Horse Collar
16:37 Loom
19:36 Heavy Plow
20:49 Bow Saw
21:34 Wheelbarrow
21:47 Gold Mining
23:12 Hand Cart
24:50 Gold Shaft Mining
24:34 Town Watch
25:03 Forging
25:47 Husbandry
25:56 Scale Barding Armor
26:26 Bloodlines
26:55 Iron Casting
29:12 Imperial Age
27:01 Stone Mining
27:19 Devotion
28:35 Chain Barding Armor
28:49 Cavalier
30:08 Plate Barding Armor
30:34 Blast Furnace
30:27 Savar
32:02 Conscription
37:38 Fletching
39:55 Ballistics
39:33 Bodkin Arrow
[韓粉戰隊] 鋼鐵韓粉
10:04 Feudal Age
14:01 Castle Age
11:59 Double-Bit Axe
12:03 Horse Collar
16:24 Wheelbarrow
16:25 Bow Saw
21:17 Gold Mining
22:51 Ballistics
23:17 Town Watch
23:59 Hand Cart
23:30 Loom
24:48 Heavy Plow
29:09 Imperial Age
27:44 Gold Shaft Mining
27:27 Stone Mining
30:17 Siege Engineers
30:08 Capped Ram
30:27 Heavy Scorpion
32:35 Chemistry
31:58 Siege Ram
33:10 Conscription
32:49 Fletching
33:12 Masonry
33:44 Crop Rotation
33:29 Bodkin Arrow
34:36 Town Patrol
35:34 Architecture
35:14 Ballistas
36:46 Murder Holes
37:02 Fortified Wall
37:32 Sappers
37:56 Guard Tower
39:33 Scale Barding Armor
39:29 Scale Mail Armor
39:39 Forging
39:30 Padded Archer Armor
41:30 Guilds
41:52 Coinage
41:23 Caravan
42:10 Chain Barding Armor
42:05 Chain Mail Armor
42:26 Iron Casting
42:28 Keep
42:08 Careening
42:08 Clinker Construction
42:19 Shipwright
42:22 Comitatenses
41:24 Elite Centurion
42:56 Leather Archer Armor
44:35 Plate Barding Armor
[韓粉戰隊] 台北庶民
9:42 Feudal Age
13:47 Castle Age
12:15 Double-Bit Axe
12:19 Horse Collar
14:48 Bow Saw
14:45 Heavy Plow
19:34 Wheelbarrow
19:29 Stone Mining
20:24 Gold Mining
23:25 Gold Shaft Mining
26:19 Imperial Age
24:12 Fletching
24:49 Bodkin Arrow
25:02 Loom
25:33 Hand Cart
25:57 Ballistics
26:36 Town Watch
27:07 Bracer
28:15 Chemistry
28:17 Two-Man Saw
28:17 Padded Archer Armor
29:16 Curare
30:08 Leather Archer Armor
32:12 Ring Archer Armor
36:44 Elite Blackwood Archer
37:46 Conscription
38:40 Hoardings
38:36 Treadmill Crane
38:43 Arrowslits
39:02 Town Patrol
41:52 Pikeman
42:32 Squires
42:35 Scale Mail Armor
42:42 Halberdier
44:01 Chain Mail Armor
[韓粉戰隊] 跟著月亮走
10:55 Feudal Age
12:00 Double-Bit Axe
14:50 Castle Age
12:44 Horse Collar
14:17 Loom
15:23 Scale Mail Armor
18:21 Arson
20:56 Bow Saw
21:12 Squires
25:01 Chain Mail Armor
24:37 Gambesons
27:13 Wheelbarrow
26:40 Stone Mining
26:42 Gold Mining
31:30 Hand Cart
33:50 Imperial Age
32:12 Forging
32:36 Treadmill Crane
33:45 Iron Casting
34:05 Elite Varangian Guard
34:51 Scale Barding Armor
36:05 Plate Mail Armor
36:35 Blast Furnace
36:39 Caravan
39:22 Conscription
41:50 Coinage
44:47 Two-Man Saw
鼠條
10:24 Feudal Age
11:33 Double-Bit Axe
14:03 Castle Age
12:36 Horse Collar
21:10 Wheelbarrow
23:56 Scale Mail Armor
24:07 Forging
26:07 Chain Mail Armor
26:27 Iron Casting
27:22 Bow Saw
27:13 Heavy Plow
31:41 Imperial Age
30:17 Hand Cart
30:28 Loom
31:45 Onager
32:51 Gold Mining
34:10 Chemistry
33:53 Siege Engineers
34:05 Northmen's Fury
35:31 Plate Mail Armor
tim.13
9:37 Feudal Age
13:47 Castle Age
12:06 Double-Bit Axe
12:16 Horse Collar
14:36 Wheelbarrow
15:29 Bow Saw
20:59 Stone Mining
23:07 Gold Mining
23:56 Stone Shaft Mining
27:46 Imperial Age
25:46 Loom
25:59 Fletching
26:32 Ballistics
26:03 Guard Tower
26:56 Fervor
27:10 Bodkin Arrow
27:00 Treadmill Crane
27:15 Murder Holes
27:56 Scale Barding Armor
28:37 Hand Cart
28:07 Town Watch
28:29 Svan Towers
29:00 Conscription
28:01 Elite Monaspa
28:58 Bracer
29:45 Chain Barding Armor
30:20 Bloodlines
30:11 Husbandry
31:23 Plate Barding Armor
30:59 Forging
34:22 Chemistry
33:30 Heavy Plow
34:28 Iron Casting
34:17 Arrowslits
38:09 Blast Furnace
Fries
8:38 Loom
10:23 Feudal Age
11:43 Double-Bit Axe
14:51 Castle Age
18:21 Horse Collar
wnstjdrkd
11:09 Feudal Age
15:02 Castle Age
13:08 Double-Bit Axe
13:19 Horse Collar
16:10 Bow Saw
16:07 Heavy Plow
21:01 Wheelbarrow
22:23 Gold Mining
23:01 Loom
24:55 Gold Shaft Mining
24:45 Hand Cart
25:27 Stone Mining
28:31 Imperial Age
26:51 Masonry
26:53 Town Watch
27:35 Forging
27:16 Fletching
27:03 Elite Skirmisher
28:46 Stone Shaft Mining
28:18 Bodkin Arrow
28:45 Ballistics
28:57 Thumb Ring
29:15 Bracer
30:38 Chemistry
29:57 Padded Archer Armor
31:53 Scale Mail Armor
32:08 Leather Archer Armor
32:04 Forging
32:49 Scale Mail Armor
32:13 Pikeman
32:54 Squires
34:31 Ring Archer Armor
34:37 Iron Casting
35:28 Conscription
Connection lost

Rejoining the realm…

Still unreachable

The connection could not be restored.

Session expired

The server has moved on; the page needs a fresh start.